 Dungeon Crawl Stone Soup version 0.25.0-10-g039870ee82 (webtiles) character file.

Game seed: 3342142629970247205

54 Kold the Skirmisher (level 3, -3/29 HPs)
             Began as a Demonspawn Monk on June 22, 2020.
             Slain by a killer bee (7 damage)
             ... on level 3 of the Dungeon.
             The game lasted 00:04:03 (2136 turns).

Kold the Skirmisher (Demonspawn Monk)               Turns: 2136, Time: 00:04:03

Health: -3/29      AC:  6    Str: 11    XL:     3   Next: 66%
Magic:  3/3        EV: 11    Int: 11    God:
Gold:   36         SH:  0    Dex: 16    Spells: 2/2 levels left

rFire    . . .     SeeInvis .   a - +0 hand axe
rCold    + . .     Gourm    .   (no shield)
rNeg     . . .     Faith    .   o - +1 ring mail {rC+}
rPois    .         Spirit   .   (no helmet)
rElec    .         Reflect  .   (no cloak)
rCorr    .         Harm     .   (no gloves)
MR       .....                  (no boots)
Stlth    ++........             (no amulet)
HPRegen  0.09/turn              (no ring)
MPRegen  0.08/turn              (no ring)

@: lethally poisoned (-3 -> -14)
A: nightstalker 1
a: no special abilities


You were on level 3 of the Dungeon.
You were not hungry.

You visited 1 branch of the dungeon, and saw 3 of its levels.

You collected 36 gold pieces.

Inventory:

Hand Weapons
 a - a +0 hand axe (weapon)
Armour
 b - a +0 robe
 o - a +1 ring mail of cold resistance (worn)
Jewellery
 k - an uncursed ring of resist corrosion {unknown}
Scrolls
 d - 5 scrolls of enchant armour {unknown}
 e - 6 scrolls of amnesia {unknown}
 f - 3 scrolls of identify {unknown}
 g - a scroll of magic mapping {unknown}
 i - a scroll of immolation {unknown}
 j - 4 scrolls of remove curse {unknown}
 l - a scroll of blinking {unknown}
 n - 2 scrolls of fog {unknown}
 p - a scroll of teleportation {unknown}
 q - a scroll of random uselessness {unknown}
 r - a scroll of fear {unknown}
Potions
 m - 2 potions of stabbing {unknown}
Comestibles
 c - 5 rations
 h - 2 chunks of flesh


   Skills:
 + Level 3.6 Fighting
 * Level 3.4 Axes
 + Level 0.3 Armour
 - Level 3.0 Dodging
 - Level 2.0 Stealth


You had 2 spell levels left.
You didn't know any spells.
Your spell library was empty.

Dungeon Overview and Level Annotations

Branches:
Dungeon (3/15)

Altars:
Xom


Innate Abilities, Weirdness & Mutations

You are slightly more attuned to the shadows.


Message History

2 killer bees come into view.
The bat hits you but does no damage. x2
A killer bee comes into view.
The killer bee closely misses you.
The killer bee moves out of view.
The bat hits you but does no damage. The killer bee stings you.
You are poisoned.
The killer bee poisons you! The killer bee closely misses you.
A worm comes into view.
The bat hits you but does no damage.
You feel sick. The killer bee stings you. The bat closely misses you.
You feel sick. The killer bee stings you.
You are more poisoned.
The killer bee poisons you! The killer bee stings you.
The killer bee stings you!
* * * LOW HITPOINT WARNING * * *
* * * LOW HITPOINT WARNING * * *
You feel sick.
The killer bee stings you but does no damage.
The killer bee stings you!
You die...

#.######..._^..#
..# #..^^^÷.#
#.# ##......##
#. ###.....##
#####..# #''#
♣..♣ ♣..♣ ♣.@♣
♣yy♣ ♣.b♣ ♣yy♣
♣..♣ ♣..♣ ..♣♣?
.... !. ♣♣♣♣♣
♣♣♣


You could see 4 killer bees and a bat.

Vanquished Creatures
  2 adders (D:2)
  A leopard gecko (D:2)
  5 bats
  2 giant cockroaches
  3 goblins
  3 hobgoblins
  4 jackals (D:2)
  3 kobolds
  2 quokkas
  7 frilled lizards
  2 rats
34 creatures vanquished.

Notes
Turn   | Place    | Note
-------+----------+-------------------------------------------
     0 | D:1      | Kold the Demonspawn Monk began the quest for the Orb.
     0 | D:1      | Reached XP level 1. HP: 18/18 MP: 1/1
   423 | D:1      | Gained mutation: You are slightly more attuned to the
                  | shadows. [demonic ancestry]
   423 | D:1      | Reached XP level 2. HP: 24/24 MP: 2/2
  1347 | D:2      | Reached XP level 3. HP: 29/29 MP: 3/3
  2076 | D:3      | Found a shimmering altar of Xom.
  2128 | D:3      | Noticed a killer bee
  2131 | D:3      | Noticed a killer bee
  2131 | D:3      | Noticed a killer bee
  2132 | D:3      | Noticed a killer bee
  2132 | D:3      | Noticed a killer bee
  2132 | D:3      | Noticed a killer bee
  2136 | D:3      | Slain by a killer bee

Illustrated notes

Levels and vault maps discovered:
D:1:      matt_arrival_grand_opening, layout_loops_ring
D:2:      layout_basic
D:3:      kennysheep_big_flooded_room, layout_loops_corners, xom_teletrap_fun,
          grunt_temple_overflow_open

Skill      XL: |  1  2  3 |
---------------+----------+-----
Dodging        | 3 |  3.0
Axes           | 3 |  3.4
Stealth        | 2 |  2.0
Fighting       | |  3.6
Armour         | |  0.3

Action                   || total
-------------------------++-------
Melee: Hand axe          ||   100
 Stab: Sleeping          ||     9
  Eat: Chunk             ||     4
Armor: Robe              ||    17
       Ring mail         ||    23
Dodge: Dodged            ||    94
